AoeStats
← Maty

Black Forest

510239485Analyzed
4v4 RM · 2d ago on Sep 30, 2026· 39m 21s· 8 players
Game mode
Random Map
Map size
Large (8 player)
Population
200
Speed
Normal
Resources
Standard
Victory
Conquest
Starting age
Dark Age
Ending age
Imperial Age
RankedLock teamsTeams togetherTeam positionsShared explorationLock speedFull tech treeHidden civsTurbo modeCheats
Victory
Defeat
1449
+15
🇨🇳 Dravidians · China
1435
+16
🇪🇨 Danes · Ecuador
1431
+16
🇨🇳 Mongols · China
1426
+16
🇨🇳 Koreans · China
1467
-17
🇧🇷 Danes · Brazil
1464
-18
🇨🇦 Khmer · Canada
1398
-14
🇧🇴 Bengalis · Bolivia
1396
-14
Maty
3:16 Loom
5:18 Loom
11:19 Feudal Age
14:58 Castle Age
13:22 Double-Bit Axe
13:18 Horse Collar
15:41 Town Watch
16:49 Bow Saw
22:09 Gold Mining
24:06 Wheelbarrow
25:16 Hand Cart
25:19 Stone Mining
30:35 Imperial Age
28:49 Gold Shaft Mining
28:50 Stone Shaft Mining
28:18 Heavy Plow
29:23 Hamask
30:51 Capped Ram
31:53 Conscription
31:02 Onager
32:05 Scale Mail Armor
32:47 Squires
32:33 Gambesons
33:30 Chain Mail Armor
34:18 Chemistry
33:17 Pikeman
33:29 Siege Onager
33:46 Northmen's Fury
35:02 Hoardings
35:01 Plate Mail Armor
34:42 Forging
34:22 Siege Ram
35:12 Halberdier
36:31 Iron Casting
36:16 Fletching
36:40 Siege Engineers
37:16 Coinage
37:22 Arson
Yucatan_water_supremacy
0:32 Loom
13:17 Feudal Age
14:34 Double-Bit Axe
16:59 Castle Age
15:25 Stone Mining
15:18 Horse Collar
17:50 Town Watch
25:01 Wheelbarrow
28:37 Hand Cart
29:37 Heavy Plow
29:54 Bow Saw
33:36 Imperial Age
31:54 Gold Mining
32:13 Scale Barding Armor
33:40 Stone Shaft Mining
34:11 Chain Barding Armor
35:04 Crop Rotation
35:35 Two-Man Saw
34:01 Elite War Elephant
35:03 Conscription
34:48 Devotion
35:47 Citadels
36:17 Plate Barding Armor
36:14 Faith
37:04 Husbandry
37:15 Bloodlines
37:28 Forging
37:45 Caravan
38:23 Ballistics
39:04 Chemistry
38:15 Masonry
JieX
10:10 Feudal Age
11:01 Double-Bit Axe
13:53 Castle Age
13:17 Horse Collar
14:38 Heavy Plow
15:28 Wheelbarrow
16:10 Bow Saw
20:28 Loom
25:11 Gold Mining
25:17 Fletching
28:25 Imperial Age
27:11 Hand Cart
27:57 Ballistics
27:37 Bodkin Arrow
27:43 Padded Archer Armor
27:52 Town Watch
29:01 Thumb Ring
29:30 Conscription
29:16 Medical Corps
28:52 Elite Elephant Archer
29:56 Bracer
32:22 Chemistry
33:08 Siege Elephant
33:37 Pikeman
34:17 Squires
34:25 Scale Mail Armor
34:35 Forging
36:52 Halberdier
37:18 Gambesons
40:02 Chain Mail Armor
40:23 Iron Casting
40:04 Leather Archer Armor
120057903
3:28 Loom
19:45 Feudal Age
25:44 Castle Age
24:11 Double-Bit Axe
24:52 Gold Mining
24:55 Stone Mining
25:07 Horse Collar
36:28 Wheelbarrow
37:10 Bow Saw
37:05 Heavy Plow
37:00 Town Watch
40:24 Imperial Age
38:44 Fletching
38:54 Padded Archer Armor
39:28 Hand Cart
39:41 Bodkin Arrow
garretc16
5:36 Loom
11:20 Feudal Age
15:18 Castle Age
13:55 Double-Bit Axe
13:53 Horse Collar
14:05 Gold Mining
17:47 Bow Saw
18:35 Wheelbarrow
25:39 Hand Cart
25:31 Heavy Plow
26:07 Gold Shaft Mining
27:32 Town Watch
30:30 Imperial Age
29:55 Bloodlines
29:46 Husbandry
31:34 Elite Battle Elephant
32:24 Scale Barding Armor
32:29 Forging
33:28 Caravan
33:05 Capped Ram
34:26 Siege Ram
36:45 Crop Rotation
37:42 Chain Barding Armor
37:58 Iron Casting
Faith
6:06 Loom
7:26 Loom
10:30 Feudal Age
14:32 Castle Age
15:31 Double-Bit Axe
15:55 Horse Collar
27:37 Imperial Age
25:44 Bow Saw
26:16 Wheelbarrow
25:40 Town Watch
26:38 Heavy Plow
27:10 Gold Mining
27:47 Hand Cart
28:04 Scale Mail Armor
28:16 Elite Fire Lancer
29:36 Chain Mail Armor
29:32 Forging
29:33 Squires
30:23 Caravan
31:27 Plate Mail Armor
34:19 Chemistry
34:38 Conscription
36:57 Pikeman
37:48 Halberdier
l3av3x
0:55 Loom
11:23 Feudal Age
15:02 Castle Age
14:15 Double-Bit Axe
14:12 Horse Collar
16:18 Bow Saw
22:13 Town Watch
26:34 Wheelbarrow
28:37 Hand Cart
32:19 Imperial Age
31:26 Squires
31:12 Gambesons
31:39 Caravan
32:30 Onager
34:06 Conscription
34:22 Heavy Plow
34:13 Gold Mining
34:15 Fletching
35:27 Chemistry
34:21 Siege Onager
34:52 Northmen's Fury
36:44 Hoardings
36:19 Bodkin Arrow
37:11 Siege Engineers
GG LA LIFE KARIN
1:49 Loom
19:03 Feudal Age
20:19 Town Watch
23:03 Castle Age
21:13 Double-Bit Axe
22:04 Horse Collar
24:13 Bow Saw
30:32 Wheelbarrow
30:16 Heavy Plow
31:39 Fortified Wall
35:57 Imperial Age
34:15 Caravan
35:00 Hand Cart
35:19 Fletching
36:13 Bodkin Arrow
37:42 Chemistry
37:02 Ballistics
37:06 Conscription
37:58 Two-Man Saw
36:48 Elite Elephant Archer
Connection lost

Rejoining the realm…

Still unreachable

The connection could not be restored.

Session expired

The server has moved on; the page needs a fresh start.